 Dungeon Crawl Stone Soup version 0.21.1-1-g345015fe64 (webtiles) character file.

6454 Lennu the Basher (level 10, -4/77 HPs)
             Began as a Demonspawn Fighter on May 29, 2018.
             Was a High Priest of Okawaru.
             Slain by an orc knight
             ... wielding a +2 war axe
              (22 damage)
             ... on level 7 of the Dungeon.
             The game lasted 00:25:36 (8865 turns).

Lennu the Basher (Demonspawn Fighter)               Turns: 8865, Time: 00:25:37

Health: -4/77      AC: 17    Str: 16    XL:     10   Next: 67%
Magic:  0/16       EV: 12    Int: 11    God:    Okawaru [*****.]
Gold:   157        SH: 11    Dex: 21    Spells: 18/18 levels left

rFire    . . .     SeeInvis .   s - +1 flail (protect)
rCold    + . .     Gourm    .   c - +0 shield
rNeg     + . .     Faith    .   i - +2 ring mail {rN+}
rPois    .         Spirit   +   (helmet restricted)
rElec    +         Reflect  .   C - +0 cloak
rCorr    +         Harm     .   l - +0 pair of gloves
MR       .....                  (no boots)
Stlth    +.........             x - amulet of guardian spirit
HPRegen  0.22/turn              j - +6 ring of dexterity
MPRegen  0.15/turn              B - ring of resist corrosion

@: protection aura, hasted, very quick
A: horns 2, talons 1, blink, cold resistance 1, sense surroundings 1,
electricity resistance, rot immunity
a: Blink, Heroism, Finesse, Renounce Religion


You were on level 7 of the Dungeon.
You worshipped Okawaru.
Okawaru was extremely pleased with you.
You were not hungry.

You visited 1 branch of the dungeon, and saw 7 of its levels.
You also visited: Sewer and Ossuary.

You collected 391 gold pieces.
You spent 234 gold pieces at shops.

Inventory:

Hand Weapons
 s - a +1 flail of protection (weapon)
 y - a +2 dire flail of protection
Armour
 c - a +0 shield (worn)
 i - a +2 ring mail of positive energy (worn)
 l - a +0 pair of gloves (worn)
 u - a +1 chain mail of cold resistance
 C - a +0 cloak (worn)
Jewellery
 j - a +6 ring of dexterity (left hand)
 x - an amulet of guardian spirit (around neck)
 B - a ring of resist corrosion (right hand)
Wands
 g - a wand of paralysis (13)
 o - a wand of random effects (30)
 p - a wand of flame (60)
Scrolls
 a - a scroll of identify
 e - 2 scrolls of remove curse
 h - 5 scrolls of teleportation
 m - 4 scrolls of amnesia
 v - a scroll of fear
 A - 2 scrolls of brand weapon {unknown}
 D - a scroll of blinking
Potions
 d - 4 potions of flight
 k - a potion of ambrosia
 n - 9 potions of curing
 q - 6 potions of magic
 t - a potion of resistance
 w - 7 potions of brilliance
Books
 z - a book of Callings

   Spells                             Type                      Level
   a - Summon Small Mammal            Summoning                    1
   b - Call Imp                       Summoning                    2
   c - Call Canine Familiar           Summoning                    3
   d - Summon Guardian Golem          Hexes/Summoning              3
   e - Summon Lightning Spire         Summoning/Air                4
   f - Summon Ice Beast               Ice/Summoning                4
Comestibles
 f - 17 rations
 r - 8 chunks of flesh


   Skills:
 * Level 6.5 Fighting
 * Level 9.5 Maces & Flails
 * Level 6.1 Armour
 * Level 4.8 Dodging
 * Level 6.2 Shields
 * Level 4.6 Spellcasting


You had 18 spell levels left.
You didn't know any spells.

Dungeon Overview and Level Annotations

Branches:
Dungeon (7/15)             Temple (0/1) D:7

Altars:
Elyvilon
Gozag
Hepliaklqana
Makhleb
Nemelex Xobeh
Okawaru
Ru
Uskayaw
Vehumet
Xom
Yredelemnul

Shops:
D:6 [


Innate Abilities, Weirdness & Mutations

You have a pair of horns on your head.
You have sharp toenails.
Your flesh is cold resistant. (rC+)
You are immune to rotting.
You can translocate small distances at will.
You passively map a small area around you.
You are resistant to electric shocks. (rElec)


Message History

The orc knight hits you with an enchanted war axe.
* * * LOW HITPOINT WARNING * * *
You barely miss the orc knight.
You claw the orc knight, but do no damage.
The orc knight is heavily wounded.
You hit the orc knight but do no damage.
You claw the orc knight, but do no damage.
You headbutt the orc knight.
The orc knight is heavily wounded.
The orc knight hits you with an enchanted war axe.
You barely miss the orc knight.
You claw the orc knight, but do no damage.
You headbutt the orc knight, but do no damage.
The orc knight is heavily wounded.
You hit the orc knight.
You claw the orc knight, but do no damage.
You headbutt the orc knight, but do no damage.
The orc knight is severely wounded.
The orc knight hits you with an enchanted war axe!!
You die...

...#[.............[.[...## #.#
...#......#.#......[###.# #.#
...#.....(#.#....###<...# #.#
(..#..........###...###########.#
(..#................##........#.#
....................##.######.#.#
)...................##.# #.#.#
...........<........##.# #.#.#
.....#..>.#....o@...##.# #.#..
.....##...#..........#.# #.#..
.....##...#....)...###.# #.###
..................)))..# #....
................######### #####
........................#
#..)......(.#...#######.#
#.))........#...#### #.#
#......(..#........# #.#


You could see an orc knight.

Vanquished Creatures
  An orc warlord (D:7)
  Joseph (D:7)
  Grinder (D:3)
  14 wargs
  Edmund (D:4)
  6 orc warriors (D:7)
  7 ogres
  A phantom (D:6)
  A centaur (D:5)
  A crocodile (D:7)
  2 elf zombies (Ossuary)
  3 big kobolds (Sewer)
  2 scorpions
  3 centaur zombies (Ossuary)
  5 hounds
  A gnoll shaman (D:6)
  4 orc priests
  5 orc wizards
  A centaur skeleton (D:5)
  A bullfrog skeleton (D:7)
  2 iguanas
  2 worker ants
  Ijyb (D:3)
  A killer bee zombie (D:6)
  A hound skeleton (D:4)
  2 mummies (Ossuary)
  A worker ant zombie (D:7)
  11 gnolls
  4 river rats (Sewer)
  7 adders
  3 oozes
  An adder zombie (D:5)
  An adder skeleton (D:7)
  3 worms (D:4)
  2 dart slugs (D:2)
  2 leopard geckos
  34 orcs
  6 bats
  14 giant cockroaches
  3 goblins
  11 hobgoblins
  4 jackals (D:4)
  5 quokkas
  7 ball pythons
  6 frilled lizards
  9 hobgoblin zombies (Ossuary)
  3 jackal zombies (Ossuary)
  24 kobolds
  9 kobold zombies (Ossuary)
  8 orc zombies (Ossuary)
  25 rats
  2 rat zombies (Ossuary)
275 creatures vanquished.

Notes
Turn   | Place    | Note
-------+----------+-------------------------------------------
     0 | D:1      | Lennu the Demonspawn Fighter began the quest for the Orb.
     0 | D:1      | Reached XP level 1. HP: 18/18 MP: 1/1
   121 | D:1      | Gained mutation: You have a pair of small horns on your head. [demonic ancestry]
   121 | D:1      | Reached XP level 2. HP: 22/24 MP: 2/2
   289 | D:1      | Reached skill level 2 in Maces & Flails
   396 | D:1      | Reached XP level 3. HP: 29/29 MP: 3/3
   853 | D:2      | Found a sparkling altar of Nemelex Xobeh.
   988 | D:2      | Gained mutation: Your flesh is cold resistant. (rC+) [demonic ancestry]
   988 | D:2      | Reached XP level 4. HP: 33/35 MP: 4/4
  1255 | D:2      | Found a white marble altar of Elyvilon.
  1315 | D:2      | Found a basalt altar of Yredelemnul.
  1407 | D:3      | Found a burning altar of Makhleb.
  1483 | D:3      | Noticed Grinder
  1495 | D:3      | Noticed Ijyb
  1497 | D:3      | Killed Grinder
  1497 | D:3      | Reached skill level 3 in Maces & Flails
  1497 | D:3      | Reached skill level 1 in Dodging
  1497 | D:3      | Reached skill level 1 in Spellcasting
  1497 | D:3      | Gained mutation: You are immune to rotting. [demonic ancestry]
  1497 | D:3      | Reached XP level 5. HP: 20/41 MP: 4/6
  1497 | D:3      | Reached XP level 6. HP: 23/47 MP: 4/7
  1500 | D:3      | Killed Ijyb
  2300 | D:4      | Found an opulent altar of Gozag.
  2482 | D:4      | Reached skill level 4 in Maces & Flails
  2535 | D:4      | Reached XP level 7. HP: 25/53 MP: 9/9
  2880 | D:4      | Noticed Edmund
  2899 | D:4      | Killed Edmund
  3651 | D:5      | Entered Level 5 of the Dungeon
  3694 | D:5      | Found a hide-covered altar of Uskayaw.
  3699 | D:5      | Found a sparkling altar of Nemelex Xobeh.
  3701 | D:5      | Found a sacrificial altar of Ru.
  3701 | D:5      | Found a burning altar of Makhleb.
  3703 | D:5      | Found a radiant altar of Vehumet.
  3703 | D:5      | Found an iron altar of Okawaru.
  3709 | D:5      | Found a shimmering altar of Xom.
  3721 | D:5      | Became a worshipper of Warmaster Okawaru
  3751 | D:5      | Reached skill level 5 in Maces & Flails
  3881 | D:5      | Gained mutation: You have sharp toenails. [demonic ancestry]
  3881 | D:5      | Reached XP level 8. HP: 49/60 MP: 9/11
  3883 | D:5      | Found a sand-covered staircase.
  3892 | Ossuary  | Entered an ossuary
  4044 | Ossuary  | Reached * piety under Okawaru
  4227 | D:5      | Reached skill level 6 in Maces & Flails
  4802 | D:5      | Got a faintly glowing falchion
  4803 | D:5      | Identified the cursed +1 falchion of Binna {freeze, Dex+4} (You found it on level 5 of the Dungeon)
  5103 | D:6      | Found a glowing drain.
  5121 | Sewer    | Entered a sewer
  5138 | Sewer    | Reached skill level 5 in Armour
  5218 | Sewer    | Reached ** piety under Okawaru
  5376 | Sewer    | Reached skill level 5 in Fighting
  5376 | Sewer    | Reached skill level 7 in Maces & Flails
  5376 | Sewer    | Reached XP level 9. HP: 68/68 MP: 13/13
  5688 | D:6      | Gained mutation: You are resistant to electric shocks. (rElec) [potion of mutation]
  5688 | D:6      | Gained mutation: You passively map a small area around you. [potion of mutation]
  5688 | D:6      | Gained mutation: You can translocate small distances at will. [potion of mutation]
  5768 | D:6      | Found Vickam's Armour Boutique.
  5773 | D:6      | Bought a +2 ring mail of positive energy for 234 gold pieces
  6523 | D:6      | Reached skill level 5 in Shields
  6640 | D:7      | Reached *** piety under Okawaru
  6828 | D:7      | Noticed Joseph
  6843 | D:7      | Killed Joseph
  6843 | D:7      | Reached skill level 8 in Maces & Flails
  7129 | D:7      | Found a staircase to the Ecumenical Temple.
  7408 | D:7      | Found a hazy altar of Hepliaklqana.
  7494 | D:7      | Gained mutation: You have a pair of horns on your head. [demonic ancestry]
  7494 | D:7      | Reached XP level 10. HP: 57/76 MP: 6/15
  7655 | D:7      | Reached **** piety under Okawaru
  7966 | D:7      | Noticed an orc warlord
  7987 | D:7      | Killed an orc warlord
  7987 | D:7      | Reached skill level 9 in Maces & Flails
  8037 | D:7      | Reached ***** piety under Okawaru
  8175 | D:7      | Noticed an orc knight
  8865 | D:7      | Slain by an orc knight

Skill      XL: |  1  2  3  4  5  6  7  8  9 10 |
---------------+-------------------------------+-----
Shields        | 3 4 5 6 |  6.2
Armour         | 3 4 5 6 |  6.1
Maces & Flails | 2 3 4 5 7 8 9 |  9.5
Dodging        | 1 2 3 4 |  4.8
Spellcasting   | 1 2 3 4 |  4.6
Fighting       | 4 5 6 |  6.5

Action                   |  1- 3 |  4- 6 |  7- 9 | 10-12 || total
-------------------------+-------+-------+-------+-------++-------
Melee: Flail             |   116 |   119 |   199 |   154 ||   588
       Headbutt          |    14 |    23 |   102 |    49 ||   188
       Dire flail        |       |       |   320 |       ||   320
       Kick              |       |       |   144 |    70 ||   214
  Use: Potion            |       |     2 |     8 |     6 ||    16
       Scroll            |       |       |    15 |     1 ||    16
  Eat: Chunk             |     1 |     3 |    11 |     5 ||    20
       Ration            |       |     1 |     1 |       ||     2
Armor: Scale mail        |    55 |    42 |   172 |       ||   269
       Ring mail         |       |       |    70 |    16 ||    86
Dodge: Dodged            |    35 |    28 |   262 |    41 ||   366
Block: Shield            |    47 |    59 |   114 |    53 ||   273
